 Dungeon Crawl Stone Soup version 0.18-a0-1687-gc97eaad (webtiles) character file.

2373 puppykicker the Grappler (level 9, -1/88 HPs)
             Began as a Troll Hunter on Mar 12, 2016.
             Was an Elder of Ukayaw.
             Slain by a gnoll
             ... wielding a +0 spear
              (9 damage)
             ... on level 6 of the Dungeon.
             The game lasted 00:13:13 (5288 turns).

puppykicker the Grappler (Troll Hunter)             Turns: 5288, Time: 00:13:13

Health: -1/88      AC:  6    Str: 22    XL:     9   Next: 21%
Magic:  9/9        EV: 10    Int:  7    God:    Ukayaw [****..]
Gold:   351        SH:  0    Dex: 13    Spells: 3 memorised, 2 levels left

rFire  . . .     SeeInvis .       - Unarmed
rCold  . . .     Gourm    +     b - +0 robe
rNeg   . . .     Faith    .     (no shield)
rPois  .         Spirit   .     (helmet restricted)
rElec  .         Dismiss  .     H - +0 cloak
rCorr  .         Reflect  .     (gloves unavailable)
SustAt .         Harm     .     (boots unavailable)
MR     ++...                    (no amulet)
Stlth  +++.......               A - ring of protection from magic
                                a - ring of stealth

@: very resistant to hostile enchantments, fairly stealthy
A: unfitting armour, claws 3, camouflage 1, fast metabolism 3, gourmand, low mp
1, magic resistance 1, regeneration 2, shaggy fur 1, tough skin 2
a: Stomp, Line Pass, Renounce Religion


You were on level 6 of the Dungeon.
You worshipped Ukayaw.
Ukayaw was greatly pleased with you.
You were completely stuffed.

You visited 2 branches of the dungeon, and saw 7 of its levels.
You also visited: Sewer.

You collected 351 gold pieces.


Innate Abilities, Weirdness & Mutations

You are too large for most types of armour.
You have claws for hands.
Your metabolism is lightning-fast.
You like to eat raw meat.
You heal very quickly.
You are covered in fur (AC +1).
You have very tough skin (AC +2).
Your skin changes colour to match your surroundings (Stealth).
Your magical capacity is low (-10% MP).
You are resistant to hostile enchantments.


   Skills:
 + Level 5.1 Fighting
 - Level 5.6 Throwing
 - Level 1.5 Dodging
 - Level 0.4 Stealth
 * Level 8.8 Unarmed Combat
 + Level 3.6 Invocations


You had 2 spell levels left.
You knew the following spells:

 Your Spells              Type           Power        Failure   Level  Hunger
a - Portal Projectile     Tloc           #.....       96%         3    ####...
g - Apportation           Tloc           #.........   47%         1    ##.....
p - Blink                 Tloc           N/A          73%         2    ###....

Inventory:

Hand Weapons
 c - a +0 blowgun
Missiles
 d - 2 throwing nets
 l - 32 poisoned needles
 s - 2 needles of confusion
 F - 5 large rocks (quivered)
 J - 7 curare-tipped needles
Armour
 b - a +0 robe (worn)
 H - a +0 cloak (worn)
Jewellery
 a - a ring of stealth (left claw)
 m - an uncursed ring of flight
 x - an uncursed ring of magical power
 A - a ring of protection from magic (right claw)
Wands
 u - a wand of iceblast (8/15)
 y - a wand of digging (11/24)
 D - a wand of flame (21/48)
Scrolls
 i - 6 scrolls of remove curse
 j - a scroll of magic mapping
 n - 5 scrolls of fear
 o - a scroll of immolation {unknown}
 q - 2 scrolls of teleportation
 r - a scroll of blinking {unknown}
 t - a scroll of random uselessness {unknown}
 v - 3 scrolls of fog
 I - a scroll of amnesia {unknown}
 L - a scroll of identify
 M - a scroll of recharging {unknown}
Potions
 e - 2 potions of might
 g - a potion of invisibility
 h - 6 potions of curing
 k - a potion of haste
 w - a potion of berserk rage
 z - 2 potions of flight {unknown}
 E - a potion of agility
 G - a potion of ambrosia
 N - a potion of heal wounds
Comestibles
 f - 6 bread rations
 p - 4 fruits
 B - 2 meat rations
 C - 10 chunks of flesh {@w1}
 K - a beef jerky

Dungeon Overview and Level Annotations

Branches:
Dungeon (6/15)             Temple (1/1) D:4

Altars:
Cheibriados
Dithmenos
Elyvilon
Fedhas
Hepliaklqana
Makhleb
Nemelex Xobeh
Pakellas
Qazlal
Sif Muna
Trog
Ukayaw
Yredelemnul
Zin
The Shining One

#....≈≈≈.#.'.)......).)'....)....
#....≈≈≈.#.#..)........#....#....
#....≈≈≈.#.######################
#.P..≈≈≈.#......#.'........
#....≈≈≈.#....).#.#......g.
#....≈≈≈.#.###'##.#))......
#....≈≈≈.#.#....#.#..g.....
#....≈≈≈.#.#....###g######
#....≈≈###'#....@gg{.%...#
#....≈≈#...######################
#....≈≈#...#.....................
#....≈≈#####≈≈≈≈≈≈≈≈≈≈≈≈≈≈≈≈≈≈≈≈≈
#....≈≈≈≈≈≈≈≈≈≈≈≈≈≈≈≈≈≈≈≈≈≈≈≈≈≈≈≈
#....≈≈≈≈≈≈≈≈≈≈≈≈≈≈≈≈≈≈≈≈≈≈≈≈≈≈≈≈
#..............P..÷÷............P
#......P...........÷.............
#################################


You could see 3 gnolls.


Message History

The gnoll seems to speed up.
The gnoll closely misses you.
You claw the gnoll shaman!
The gnoll shaman is almost dead.
The gnoll barely misses you.
The gnoll drinks a potion.
The gnoll flickers and vanishes!
Deactivating autopickup; reactivate with Ctrl-A.
The gnoll shaman mumbles some strange prayers to its god against you.
You resist with almost no effort.
You scratch the gnoll shaman but do no damage.
The gnoll shaman is almost dead.
The gnoll barely misses you.
The gnoll shaman prays to its god.
The gnoll shaman is healed somewhat.
The gnoll closely misses you.
You barely miss the gnoll shaman.
The gnoll shaman is severely wounded.
The gnoll hits you from afar with a spear!
* * * LOW HITPOINT WARNING * * *
The gnoll shaman hits you with a whip.
* * * LOW HITPOINT WARNING * * *
You closely miss the gnoll shaman.
The gnoll shaman is severely wounded.
The gnoll hits you from afar with a spear!
* * * LOW HITPOINT WARNING * * *
The gnoll shaman prays to its god.
The gnoll shaman is healed somewhat.
You claw the gnoll shaman!
You kill the gnoll shaman!
The gnoll closely misses you. The gnoll barely misses you.
The gnoll hits you from afar with a spear!
You die...

Action                   |  1- 3 |  4- 6 |  7- 9 || total
-------------------------+-------+-------+-------++-------
Melee: Unarmed           |   124 |   177 |   334 ||   635
  Use: Scroll            |     3 |       |     7 ||    10
       Potion            |       |       |     7 ||     7
 Stab: Sleeping          |     5 |     4 |    20 ||    29
       Paralysed         |       |       |     4 ||     4
       Distracted        |       |       |     1 ||     1
  Eat: Chunk             |    15 |    12 |    29 ||    56

Vault maps used:
D:1:      dpeg_arrival_rooms_b
D:2:      uniq_jessica
D:3:      led_sif_book, uniq_robin, uniq_iyjb, uniq_sigmund
D:4:      wad_crossroads, minmay_temple_entry_hall, first_bread,
          uniq_crazy_yiuf_cottage, uniq_natasha, uniq_menkaure
D:5:      grunt_temple_overflow_order_and_chaos_2, lightli_sewer_entry_pipes
D:6:      lemuel_castle_with_subvaults, lemuel_crystal_altar
Temple:   circular_temple_13
Sewer:    sewer_co_15_rooms

Notes
Turn   | Place    | Note
--------------------------------------------------------------
     0 | D:1      | puppykicker the Troll Hunter began the quest for the Orb.
     0 | D:1      | Reached XP level 1. HP: 19/19 MP: 0/0
    53 | D:1      | Reached skill level 1 in Unarmed Combat
   110 | D:1      | Reached XP level 2. HP: 19/28 MP: 1/1
   359 | D:1      | Reached skill level 2 in Unarmed Combat
   507 | D:2      | Reached XP level 3. HP: 33/35 MP: 2/2
   747 | D:2      | Reached skill level 2 in Fighting
  1053 | D:2      | Reached XP level 4. HP: 39/42 MP: 3/3
  1090 | D:2      | Noticed Jessica
  1095 | D:2      | Killed Jessica
  1095 | D:2      | Reached skill level 4 in Throwing
  1095 | D:2      | Reached skill level 3 in Unarmed Combat
  1501 | D:2      | Reached XP level 5. HP: 46/50 MP: 4/4
  1575 | D:3      | Reached skill level 4 in Unarmed Combat
  1609 | D:3      | Noticed Sigmund
  1636 | D:3      | Killed Sigmund
  1636 | D:3      | Reached skill level 3 in Fighting
  1636 | D:3      | Reached XP level 6. HP: 39/61 MP: 5/5
  1697 | D:3      | Noticed Robin
  1733 | D:3      | Killed Robin
  2042 | D:3      | Reached skill level 5 in Unarmed Combat
  2062 | D:3      | Noticed Ijyb
  2068 | D:3      | Killed Ijyb
  2155 | D:3      | Found a deep blue altar of Sif Muna.
  2327 | D:3      | Reached XP level 7. HP: 60/67 MP: 6/6
  2483 | D:4      | Noticed Natasha
  2490 | D:4      | Killed Natasha
  2511 | D:4      | Noticed Menkaure
  2514 | D:4      | Noticed Natasha
  2518 | D:4      | Killed Menkaure
  2518 | D:4      | Reached skill level 5 in Throwing
  2521 | D:4      | Killed Natasha
  2521 | D:4      | Reached skill level 6 in Unarmed Combat
  2619 | D:4      | Found a staircase to the Ecumenical Temple.
  2631 | Temple   | Entered the Ecumenical Temple
  2647 | Temple   | Became a worshipper of Ukayaw the Reveler
  2728 | D:4      | Reached * piety under Ukayaw
  2763 | D:4      | Reached ** piety under Ukayaw
  2765 | D:4      | Reached *** piety under Ukayaw
  3049 | D:4      | Noticed Natasha
  3055 | D:4      | Killed Natasha
  3102 | D:4      | Noticed Crazy Yiuf
  3109 | D:4      | Killed Crazy Yiuf
  3109 | D:4      | Reached skill level 4 in Fighting
  3275 | D:5      | Entered Level 5 of the Dungeon
  3276 | D:5      | Reached XP level 8. HP: 78/78 MP: 7/7
  3482 | D:5      | Found a glowing drain.
  3489 | Sewer    | Entered a sewer
  3499 | Sewer    | Reached skill level 7 in Unarmed Combat
  3551 | Sewer    | Reached skill level 1 in Invocations
  3860 | Sewer    | Gained mutation: You are resistant to hostile enchantments. [potion of mutation]
  3860 | Sewer    | Gained mutation: Your magical capacity is low (-10% MP). [potion of mutation]
  3860 | Sewer    | Gained mutation: Your skin changes colour to match your surroundings (Stealth). [potion of mutation]
  3954 | D:5      | Found a burning altar of Makhleb.
  3959 | D:5      | Found a glowing silver altar of Zin.
  3959 | D:5      | Noticed an angel
  3959 | D:5      | Noticed an Executioner
  4372 | D:6      | Reached skill level 2 in Invocations
  4461 | D:6      | Found a snail-covered altar of Cheibriados.
  4477 | D:6      | Reached skill level 8 in Unarmed Combat
  4591 | D:6      | Learned a level 1 spell: Apportation
  4596 | D:6      | Learned a level 2 spell: Blink
  4600 | D:6      | Learned a level 3 spell: Portal Projectile
  4750 | D:6      | Reached XP level 9. HP: 16/87 MP: 9/9
  5079 | D:6      | Reached skill level 5 in Fighting
  5092 | D:6      | Reached skill level 3 in Invocations
  5094 | D:6      | Reached **** piety under Ukayaw
  5103 | D:6      | HP: 3/88 [gnoll/flail (11)]
  5104 | D:6      | Reached ***** piety under Ukayaw
  5286 | D:6      | HP: 7/88 [gnoll/spear (11)]
  5288 | D:6      | Slain by a gnoll

Vanquished Creatures
  Sigmund (D:3)
  Menkaure (D:4)
  3 ogres
  4 centaurs
  A big kobold (Sewer)
  A howler monkey (D:6)
  3 crimson imps (D:5)
  A giant frog skeleton (D:6)
  Crazy Yiuf (D:4)
  3 gnoll shamans (D:6)
  2 hounds
  2 orc priests (D:3)
  Jessica (D:2)
  Natasha (thrice) (D:4)
  9 worker ants
  Ijyb (D:3)
  3 orc wizards
  A hound skeleton (D:6)
  Robin (D:3)
  28 gnolls
  14 adders
  4 river rats (Sewer)
  A shadow imp (D:5)
  2 oozes
  3 worms
  A dart slug (D:3)
  4 giant geckos
  16 orcs
  2 ball pythons (Sewer)
  4 giant cockroaches
  19 goblins
  11 hobgoblins
  19 jackals
  19 kobolds
  5 quokkas
  8 bats
  6 giant newts
  A quokka skeleton (D:5)
  2 rats
211 creatures vanquished.
